 Dungeon Crawl Stone Soup version 0.30-a0-1164-ge08a67761e (webtiles) character file.

Game seed: 15756207744415463829

343 Lavandula the Grave Robber (level 6, 0/47 HPs)
             Began as a Mummy Necromancer on Apr 29, 2023.
             Slain by an ogre
             ... wielding a +0 giant club
              (26 damage)
             ... on level 5 of the Dungeon.
             The game lasted 00:08:12 (4105 turns).

Lavandula the Grave Robber (Mummy Necromancer)      Turns: 4105, Time: 00:08:12

Health: 0/47       AC:  3    Str: 11    XL:     6   Next: 31%
Magic:  1/12       EV: 12    Int: 17    God:
Gold:   118        SH:  0    Dex: 12    Spells: 0/13 levels left

rFire   x . .        h - +0 spear
rCold   + . .        (no shield)
rNeg    + + +        a - +0 robe
rPois   ∞            (no helmet)
rElec   .            c - +0 cloak
rCorr   .            (no gloves)
SInv    .            (no boots)
Will    .....        (no amulet)
Stlth   ++           (no ring)
HPRegen 0.27/turn    (no ring)
MPRegen 0.13/turn

%: faith
@: animating dead
A: cold resistance 1, negative energy resistance 3, torment resistance 2, heat
vulnerability 1, in touch with death 1, no potions, faith
a: no special abilities


You were on level 5 of the Dungeon.
You visited 1 branch of the dungeon, and saw 5 of its levels.

You collected 173 gold pieces.
You spent 55 gold pieces at shops.

Inventory:

Hand Weapons
 g - a +0 dagger
 h - a +0 spear (weapon)
Missiles
 m - 5 javelins
Armour
 a - a +0 robe (worn)
 c - a +0 cloak (worn)
Scrolls
 b - a scroll of amnesia {unknown}
 d - 5 scrolls of teleportation
 e - 2 scrolls of enchant weapon {unknown}
 f - a scroll of enchant armour {unknown}
 i - a scroll of fear
 j - 2 scrolls of fog {unknown}
 k - a scroll of identify {unknown}
 l - a scroll of blinking {unknown}
 n - a scroll of brand weapon {unknown}
 o - a scroll of butterflies {unknown}


   Skills:
 - Level 3.1 Fighting
 - Level 1.5 Dodging
 - Level 1.5 Stealth
 - Level 4.0 Spellcasting
 + Level 6.3 Necromancy


You couldn't memorise any spells.
You knew the following spells:

 Your Spells              Type           Power      Damage    Failure   Level
a - Necrotise             Necr           100%       1d9       1%          1
b - Vampiric Draining     Necr           37%        2d8       3%          3
c - Animate Dead          Necr           37%        N/A       12%         4
d - Agony                 Necr           37%        N/A       32%         5

Your spell library contained the following spells:

 Spells                   Type           Power      Damage    Failure   Level
 Manifold Assault         Tloc           3%         N/A       83%         4
 Dispersal                Tloc           1%         N/A       100%        6
 Disjunction              Tloc           1%         N/A       100%        8


Dungeon Overview and Level Annotations

Branches:
Dungeon (5/15)
 Temple: D:4-7

Altars:
Makhleb
Uskayaw
Yredelemnul

Shops:
D:2 *   D:4 :


Innate Abilities, Weirdness & Mutations

You are immune to poison.
Your flesh is cold resistant. (rC+)
You are immune to negative energy. (rN+++)
You are immune to unholy pain and torment.
You are vulnerable to heat. (rF-)
You are in touch with the powers of death.
You do not drink.
You have a special connection with the divine. (Faith)


Message History

You don't have enough magic to cast this spell.
An ogre is nearby!
Unknown command.
Casting: Necrotise (safe; 1% risk of failure)
Confirm with . or Enter, or press ? or * to list all spells.
Aiming: Necrotise (safe; 1% risk of failure)
Press: ? - help, Shift-Dir - straight line, f/p - ogre
Aim: an ogre, wielding a +0 giant club (lightly wounded, ally target, chance to affect: 83%)
You feel a surge of power!
The ogre barely resists.
The ogre barely misses you.
Unknown command.
Unknown command.
Casting: Necrotise (safe; 1% risk of failure)
Confirm with . or Enter, or press ? or * to list all spells.
Aiming: Necrotise (safe; 1% risk of failure)
Press: ? - help, Shift-Dir - straight line, f/p - ogre
Aim: an ogre, wielding a +0 giant club (lightly wounded, ally target, chance to affect: 83%)
You feel a surge of power!
The ogre writhes in agony.
Your gnoll skeleton hits the ogre.
Unknown command.
Unknown command.
Unknown command.
You see here a +0 flail.
Casting: Necrotise (safe; 1% risk of failure)
Confirm with . or Enter, or press ? or * to list all spells.
Aiming: Necrotise (safe; 1% risk of failure)
Press: ? - help, Shift-Dir - straight line, f/p - ogre
Aim: an ogre, wielding a +0 giant club (moderately wounded, ally target, chance to affect: 83%)
You feel a surge of power!
The ogre writhes in agony.
The ogre hits you with a +0 giant club!!
Unknown command.
Casting: Necrotise (safe; 1% risk of failure)
Confirm with . or Enter, or press ? or * to list all spells.
Aiming: Necrotise (safe; 1% risk of failure)
Press: ? - help, Shift-Dir - straight line, f/p - ogre
Aim: an ogre, wielding a +0 giant club (heavily wounded, ally target, chance to affect: 83%)
You feel a surge of power!
The ogre writhes in agony!
Your gnoll skeleton hits the ogre.
The ogre hits you with a +0 giant club!!
Ouch! That really hurt!
You die...

#..# #..#
#..# #..#
#.####..#
#.$.!)..#
#######Z#
#....<#O#
#.###.#@#
#.#####.#
#.......#
#########


You could see an ogre (ally target) and a friendly gnoll skeleton.

Vanquished Creatures
  2 iguanas (D:4)
  Natasha (thrice) (D:4)
  2 orc wizards (D:4)
  7 gnolls
  3 adders (D:3)
  2 worms
  2 dart slugs
  3 orcs (D:4)
  2 endoplasms
  2 giant cockroaches
  6 goblins
  9 hobgoblins
  5 jackals
  4 kobolds
  2 quokkas
  2 ball pythons (D:3)
  3 bats
  3 frilled lizards
  4 rats
66 creatures vanquished.

Vanquished Creatures (collateral kills)
  A hobgoblin (D:4)
1 creature vanquished.

Vanquished Creatures (others)
  2 gnoll zombies (D:5)
  2 plants (D:4)
4 creatures vanquished.

Grand Total: 71 creatures vanquished

Notes
Turn   | Place    | Note
-------+----------+-------------------------------------------
     0 | D:1      | Lavandula the Mummy Necromancer began the quest for the
                  | Orb.
     0 | D:1      | Reached XP level 1. HP: 13/13 MP: 4/4
   509 | D:1      | Reached XP level 2. HP: 19/19 MP: 3/5
   930 | D:2      | Found Baugism's General Store.
   982 | D:2      | Bought a scroll of fear for 44 gold pieces
   982 | D:2      | Bought a scroll of noise for 11 gold pieces
  1205 | D:2      | Identified the +4 ring mail "Guneb" {-Cast Rampage rPois
                  | rC-}
  1606 | D:2      | Gained mutation: You are in touch with the powers of death.
                  | [Mummy growth]
  1606 | D:2      | Reached XP level 3. HP: 24/24 MP: 5/7
  1610 | D:2      | Learned a level 3 spell: Vampiric Draining
  1898 | D:3      | Reached skill level 5 in Necromancy
  2179 | D:3      | Found a burning altar of Makhleb.
  2416 | D:3      | Found a basalt altar of Yredelemnul.
  2571 | D:3      | Reached XP level 4. HP: 30/30 MP: 3/9
  2715 | D:3      | Reached skill level 1 in Fighting
  3048 | D:4      | Reached XP level 5. HP: 38/38 MP: 5/11
  3152 | D:4      | Noticed Natasha
  3157 | D:4      | Killed Natasha
  3163 | D:4      | Learned a level 4 spell: Animate Dead
  3203 | D:4      | Found Lizavuta's Self-Improvement Boutique.
  3360 | D:4      | Noticed Natasha
  3366 | D:4      | Killed Natasha
  3367 | D:4      | Reached skill level 6 in Necromancy
  3367 | D:4      | Reached XP level 6. HP: 39/47 MP: 5/12
  3373 | D:4      | Learned a level 5 spell: Agony
  3491 | D:4      | Noticed a +0 falchion
  3550 | D:4      | Noticed a +0 falchion
  3555 | D:4      | Found a hide-covered altar of Uskayaw.
  3555 | D:4      | Noticed a +0 spear
  3556 | D:4      | Noticed a +0 short sword
  3556 | D:4      | Noticed a +0 spear
  3557 | D:4      | Noticed a +0 short sword
  3562 | D:4      | Noticed a +0 dagger
  3562 | D:4      | Noticed a +0 dagger
  3651 | D:4      | Noticed Natasha
  3772 | D:4      | Killed Natasha
  4054 | D:5      | Entered Level 5 of the Dungeon
  4105 | D:5      | Slain by an ogre

Illustrated notes

Levels and vault maps discovered:
D:1:      lemuel_arrival_funnel, layout_rooms, kennysheep_small_spiral
D:2:      layout_loops_ring, serial_shops, shop
D:3:      layout_basic, marbit_many_paths, old_standard_altar, nrook_mini_vaults
D:4:      layout_cave_pools, nicolae_uskayaw_en_pointe,
          mainiacjoe_overflow_surrounded_room, serial_forest,
          infiniplex_forest_lined_2, infiniplex_forest_3_way,
          infiniplex_forest_corner_1, infiniplex_forest_lined_2,
          infiniplex_forest_straight_4, infiniplex_forest_clump_medium,
          infiniplex_forest_lined_room_2, infiniplex_forest_end_3,
          infiniplex_forest_end_3, infiniplex_forest_end_double,
          nicolae_shop_self_help, uniq_natasha
D:5:      layout_basic, mainiacjoe_overflow_alcove_4,
          mainiacjoe_overflow_small_starburst, minmay_temple_entry_junction,
          gammafunk_ghost_nasty_kobolds, minmay_misc_feat_doors,
          guppyfry_shop_venom, uniq_grinder, uniq_sigmund, uniq_duvessa

Skill      XL: |  1  2  3  4  5 |
---------------+----------------+-----
Spellcasting   | 3 4 |  4.0
Necromancy     | 5 6 |  6.3
Fighting       | 2 3 |  3.1
Dodging        | |  1.5
Stealth        | |  1.5

Action                     |  1- 3 |  4- 6 || total
---------------------------+-------+-------++-------
  Melee: Unarmed           |     3 |       ||     3
         Spear             |    18 |    49 ||    67
         Punch             |       |     4 ||     4
   Cast: Necrotise         |    83 |    75 ||   158
         Animate Dead      |       |     1 ||     1
    Use: Scroll            |       |     1 ||     1
 Armour: Robe              |     2 |     5 ||     7
  Dodge: Dodged            |    10 |    11 ||    21

Table legend: (Time is in decaauts)
 A = Elapsed time spent in this place.
 B = Non-inter-level travel time spent in this place.
 C = Inter-level travel time spent in this place.
 D = Time resting spent in this place.
 E = Time spent auto-exploring this place.
 F = Levels seen in this place.
 G = Mean time per level.
                   A        B        C        D        E       F      G
               +--------+--------+--------+--------+--------+-----+--------+
         Total |   4112 |   3950 |    162 |    135 |   3202 |   5 |  822.4 |
       Dungeon |   4112 |   3950 |    162 |    135 |   3202 |   5 |  822.4 |
               +--------+--------+--------+--------+--------+-----+--------+

Top non-repeatable levels by time:
     D:3: 1176 daAuts
     D:2: 1035 daAuts
     D:4: 1021 daAuts
     D:1: 828 daAuts
     D:5: 51 daAuts
